 Dungeon Crawl Stone Soup version 0.27.0-1-g7a089689b8 (webtiles) character file.

Game seed: 13664260288639927663

831 dolemite99 the Destroyer (level 7, -1/40 HPs)
             Began as a Gargoyle Conjurer on Aug 11, 2021.
             Was a Follower of Sif Muna.
             Slain by a gnoll shaman (8 damage)
             ... on level 6 of the Dungeon.
             The game lasted 00:08:13 (7685 turns).

dolemite99 the Destroyer (Gargoyle Conjurer)        Turns: 7685, Time: 00:08:14

Health: -1/40      AC: 10    Str: 10    XL:     7   Next: 98%
Magic:  11/11      EV: 11    Int: 21    God:    Sif Muna [*.....]
Gold:   41         SH:  0    Dex:  8    Spells: 6/12 levels left

rFire    . . .     SeeInvis .   o - +0 hunting sling
rCold    + . .     Faith    .   (no shield)
rNeg     + . .     Spirit   .   a - +0 robe
rPois    ∞         Reflect  .   v - +2 helmet
rElec    +         Harm     .   (no cloak)
rCorr    .         Rampage  .   (no gloves)
Will     .....                  k - +0 pair of boots
Stlth    ++........             (no amulet)
HPRegen  0.13/turn              e - ring of protection from cold
MPRegen  0.12/turn              (no ring)

@: hasted, very quick
A: sickness immunity, AC +4, negative energy resistance 1, electricity
resistance, torment resistance 1, petrification resistance
a: Renounce Religion, Channel Magic


You were on level 6 of the Dungeon.
You worshipped Sif Muna.
Sif Muna was aware of your devotion.
You visited 1 branch of the dungeon, and saw 7 of its levels.
You also visited: Sewer.

You collected 239 gold pieces.
You spent 198 gold pieces at shops.

Inventory:

Hand Weapons
 m - a +0 short sword
 o - a +0 hunting sling (weapon)
 p - a +0 quarterstaff
 t - a +5 scythe of venom
 u - a +2 mace of holy wrath
Missiles
 b - 6 boomerangs
 h - 221 stones (quivered ammo)
 j - 31 sling bullets
 l - 71 arrows
 q - a curare-tipped dart
Armour
 a - a +0 robe (worn)
 k - a +0 pair of boots (worn)
 v - a +2 helmet (worn)
Jewellery
 e - a ring of protection from cold (left hand)
 n - a ring of willpower
Scrolls
 g - 4 scrolls of identify {@r1}
 i - 2 scrolls of fog
Potions
 c - 3 potions of curing
 d - a potion of degeneration
 r - 2 potions of flight


   Skills:
 + Level 2.6 Fighting
 - Level 1.5 Dodging
 - Level 2.1 Stealth
 - Level 3.0 Spellcasting
 - Level 9.6 Conjurations


You had 6 spell levels left.
You knew the following spells:

 Your Spells              Type           Power      Damage    Failure   Level
a - Magic Dart            Conj           100%       1d8       1%          1
b - Searing Ray           Conj           86%        3d6       1%          2
c - Dazzling Flash        Conj/Hex       46%        N/A       5%          3

Your spell library contained the following spells:

 Spells                   Type           Power      Damage    Failure   Level
 Fulminant Prism          Conj/Hex       11%        3d9       19%         4
 Iskenderun's Mystic Bla  Conj/Tloc      23%        2d6       19%         4
 Frozen Ramparts          Ice            6%         1d2       36%         3
 Gell's Gravitas          Tloc           1%         N/A       36%         3
 Lesser Beckoning         Tloc           1%         N/A       36%         3
 Teleport Other           Tloc           3%         N/A       36%         3
 Ice Form                 Ice/Tmut       3%         N/A       78%         4
 Summon Ice Beast         Ice/Summ       3%         N/A       78%         4


Dungeon Overview and Level Annotations

Branches:
Dungeon (7/15)              Sewer (visited)
 Temple: D:4-7

Altars:
Gozag
Qazlal
Sif Muna

Shops:
D:5 [

Annotations:
D:5 Dowan


Innate Abilities, Weirdness & Mutations

You are immune to sickness and miasma.
Your stone body is resilient. (AC +4)
You are immune to poison.
You resist negative energy. (rN+)
You are resistant to electric shocks. (rElec)
You are resistant to unholy torment.
You are immune to petrification.


Message History

A bullfrog skeleton comes into view.
Found a short sword and 5 gold pieces.
There is a stone staircase leading down here.
The gnoll shaman closely misses you.
The ogre hits you with a +0 giant spiked club!!
Ouch! That really hurt!
* * * LOW HITPOINT WARNING * * *
An iguana comes into view.
A sky beast comes into view.
An orc comes into view. It is wielding a +0 mace.
The gnoll shaman misses you.
Found a scroll labelled NEUVVO UFFEI.
The orc shouts!
Okay, then.
You feel much better. The gnoll shaman barely misses you.
You feel much better.
A wyvern skeleton comes into view.
The gnoll shaman hits you but does no damage.
The ogre closely misses you. The bullfrog skeleton misses you.
The sky beast flickers out of sight!
Deactivating autopickup; reactivate with Ctrl-A.
You closely miss something. The bullfrog skeleton hits you.
The ogre hits you with a +0 giant spiked club!!
Ouch! That really hurt!
* * * LOW HITPOINT WARNING * * *
A sky beast appears from thin air!
Reactivating autopickup.
The sky beast hits you but does no damage.
The bullfrog skeleton barely misses you.
The gnoll shaman barely misses you. The ogre closely misses you.
The gnoll shaman closely misses you. The gnoll shaman closely misses you.
You feel much better. The sky beast hits you. The sky beast shocks you.
You resist.
The gnoll shaman hits you with a +0 club.
The ogre hits you with a +0 giant spiked club!
* * * LOW HITPOINT WARNING * * *
You feel yourself speed up. The sky beast barely misses you.
The gnoll shaman hits you with a +0 club!
You die...

# #. .# #.# ..
#.####+## ..
≈###......##### ..#.#.#
≈...........og##.#....#
l...........ZY@.......#
#........$.O.........
#.#....................
..Z...........).....##
.?..................#..
#...###....#.#.>.....#
... ##...#........## #.
###..........#
#..#.....###


You could see a sky beast, an ogre, a gnoll shaman, an orc and a bullfrog
skeleton.

Vanquished Creatures
  Sigmund (D:5)
  2 ogres (D:5)
  A centaur (D:6)
  A kobold brigand (Sewer)
  A howler monkey (D:5)
  A bullfrog skeleton (D:4)
  2 iguanas
  Jessica (D:2)
  An orc wizard (D:5)
  Robin (D:3)
  5 adders
  2 river rats (Sewer)
  An ufetubus (D:4)
  2 worms (D:2)
  3 dart slugs (D:1)
  4 orcs (D:5)
  5 bats
  8 endoplasms
  6 giant cockroaches
  7 hobgoblins
  4 jackals
  5 quokkas
  6 ball pythons
  2 frilled lizards
  13 goblins
  10 kobolds
  5 rats
100 creatures vanquished.

Vanquished Creatures (others)
  A kobold brigand (D:6)
  15 plants (D:1)
16 creatures vanquished.

Grand Total: 116 creatures vanquished

Notes
Turn   | Place    | Note
-------+----------+-------------------------------------------
     0 | D:1      | dolemite99 the Gargoyle Conjurer began the quest for the
                  | Orb.
     0 | D:1      | Reached XP level 1. HP: 10/10 MP: 3/3
   305 | D:1      | Reached XP level 2. HP: 15/15 MP: 0/5
   526 | D:1      | Reached skill level 5 in Conjurations
   989 | D:1      | Reached XP level 3. HP: 19/19 MP: 2/6
  1899 | D:1      | Learned a level 2 spell: Searing Ray
  2194 | D:2      | Noticed Jessica
  2198 | D:2      | Killed Jessica
  2199 | D:2      | Reached skill level 6 in Conjurations
  2199 | D:2      | Reached XP level 4. HP: 24/24 MP: 4/7
  2237 | D:2      | Learned a level 3 spell: Dazzling Flash
  2800 | D:3      | Noticed a fire elemental
  2801 | D:3      | Found a stormy altar of Qazlal.
  2805 | D:3      | Noticed an earth elemental
  2805 | D:3      | Noticed an air elemental
  2805 | D:3      | Noticed a water elemental
  3570 | D:3      | Reached XP level 5. HP: 28/28 MP: 8/8
  3604 | D:3      | Noticed Robin
  3614 | D:3      | Killed Robin
  3626 | D:3      | Reached skill level 7 in Conjurations
  4268 | D:3      | Found a shimmering blue altar of Sif Muna.
  4277 | D:3      | Became a worshipper of Sif Muna the Loreminder
  5014 | D:4      | Found an opulent altar of Gozag.
  5496 | D:5      | Entered Level 5 of the Dungeon
  5559 | D:5      | Noticed an ogre
  5569 | D:5      | Killed an ogre
  5570 | D:5      | Reached skill level 8 in Conjurations
  5570 | D:5      | Reached XP level 6. HP: 32/32 MP: 1/9
  5703 | D:5      | Found a glowing drain.
  5734 | Sewer    | Entered a sewer
  6488 | Sewer    | Found a glowing silver altar of Zin.
  6744 | D:5      | Noticed Sigmund
  6752 | D:5      | Killed Sigmund
  6753 | D:5      | Reached skill level 9 in Conjurations
  6753 | D:5      | Reached XP level 7. HP: 11/36 MP: 2/10
  7079 | D:5      | Reached * piety under Sif Muna
  7173 | D:5      | Found Biraxt's Armour Shoppe.
  7188 | D:5      | Bought a +2 helmet for 198 gold pieces
  7225 | D:5      | You fall into a shaft and drop 1 floor!
  7656 | D:5      | Noticed Dowan
  7656 | D:5      | You fall into a shaft and drop 2 floors!
  7685 | D:6      | Slain by a gnoll shaman

Illustrated notes

Levels and vault maps discovered:
D:1:      mrwooster_arrival_arrow, layout_rooms, serial_bayou_pond_c
D:2:      layout_basic, uniq_jessica
D:3:      layout_basic, led_sif_pool, nicolae_qazlal_style_of_elements,
          dk_vineyard_3, kennysheep_generic_room_14, uniq_robin
D:4:      layout_loops_ring, nicolae_gozag_seed_capital
D:5:      layout_basic, serial_shops, shop_coins, gup_sewer_entry_pipe,
          uniq_duvessa, uniq_sigmund
D:6:      layout_cave_pools, zin_scriptorium, xom_confusion_cloud
D:7:      layout_cave_pools, vehumet_crystals, minmay_temple_entry_trees,
          nrook_loot_triangle, minmay_strange_pillars

Skill      XL: |  1  2  3  4  5  6  7 |
---------------+----------------------+-----
Conjurations   | 5 6 8 9 |  9.6
Spellcasting   | 3 |  3.0
Fighting       | 2 |  2.6
Dodging        | |  1.5
Stealth        | |  2.1

Action                   |  1- 3 |  4- 6 |  7- 9 || total
-------------------------+-------+-------+-------++-------
Melee: Unarmed           |       |     4 |       ||     4
       Hunting sling     |       |       |     1 ||     1
 Fire: Hunting sling     |       |   154 |    11 ||   165
 Cast: Magic Dart        |    62 |    31 |     2 ||    95
       Searing Ray       |     1 |    22 |     4 ||    27
  Use: Potion            |       |     6 |     4 ||    10
       Scroll            |       |     1 |       ||     1
Armor: Robe              |    19 |    50 |     9 ||    78
Dodge: Dodged            |    22 |    90 |    20 ||   132
